 Dungeon Crawl Stone Soup version 0.20.1-1-g8b1a95d (webtiles) character file.

6143 Linguinho the Covered (level 10, -1/172 HPs)
             Began as a Demonspawn Fighter on Nov 12, 2017.
             Was a Believer of Cheibriados.
             Slain by a blink frog (4 damage)
             ... on level 3 of the Lair of Beasts.
             The game lasted 00:20:58 (10333 turns).

Linguinho the Covered (Demonspawn Fighter)         Turns: 10333, Time: 00:20:59

Health: -1/172     AC: 25    Str: 33    XL:     10   Next: 59%
Magic:  10/10      EV:  2    Int: 18    God:    Cheibriados [**....]
Gold:   459        SH: 12    Dex: 17    Spells: 9/9 levels left

rFire    . . .     SeeInvis .   u - +3 flail
rCold    . . .     Gourm    .   c - +0 shield
rNeg     + + +     Faith    .   (armour currently unavailable)
rPois    +         Spirit   .   (helmet currently unavailable)
rElec    .         Reflect  .   (cloak currently unavailable)
rCorr    .         Harm     .   (gloves currently unavailable)
MR       .....     NoTele   +   (boots currently unavailable)
Stlth    ..........             (no amulet)
Regen    0.4/turn               p - +4 ring of strength
MPRegen  0.2/turn               (no ring)

@: mighty, brilliant, berserking (expiring), tree-form, very slow
A: demonic guardian 2
a: Bend Time, Renounce Religion


You were on level 3 of the Lair of Beasts.
You worshipped Cheibriados.
Cheibriados was pleased with you.
You were hungry.
You were a tree.
You visited 3 branches of the dungeon, and saw 12 of its levels.

You collected 459 gold pieces.

Inventory:

Hand Weapons
 u - a +3 flail (weapon)
Missiles
 m - 17 tomahawks (quivered)
Armour
 b - a +0 scale mail (melded)
 c - a +0 shield (worn)
 y - a +0 pair of gloves (melded)
Jewellery
 a - an uncursed amulet of the gourmand {unknown}
 p - a +4 ring of strength (left branch)
 v - an uncursed ring of protection from cold {unknown}
 L - a +4 ring of slaying {unknown}
Wands
 k - a wand of paralysis (13/24)
 C - a wand of lightning (8/15)
 I - a wand of flame (23/48)
 P - a wand of iceblast (3/15)
 Q - a wand of flame (28/48)
Scrolls
 e - 2 scrolls of magic mapping
 g - 5 scrolls of remove curse
 l - 5 scrolls of recharging
 n - 4 scrolls of enchant weapon
 o - 2 scrolls of random uselessness
 q - 2 scrolls of enchant armour
 w - a scroll of fog
 D - 8 scrolls of identify
 G - 4 scrolls of teleportation
Potions
 h - a potion of agility {unknown}
 s - a potion of invisibility
 z - 9 potions of curing
 A - 3 potions of degeneration {unknown}
 B - a potion of cancellation {unknown}
 F - a potion of flight
 J - 2 potions of mutation {unknown}
 M - a potion of magic {unknown}
 N - a potion of brilliance
 R - a potion of heal wounds {unknown}
Books
 H - a book of Misfortune

   Spells                             Type                      Level
   a - Confusing Touch                Hexes                        1
   b - Confuse                        Hexes                        3
   c - Gell's Gravitas                Translocation                3
   d - Petrify                        Transmutation/Earth          4
   e - Metabolic Englaciation         Hexes/Ice                    5
   f - Yara's Violent Unravelling     Hexes/Transmutation          5
 O - a book of Flames

   Spells                             Type                      Level
   a - Flame Tongue                   Conjuration/Fire             1
   b - Throw Flame                    Conjuration/Fire             2
   c - Conjure Flame                  Conjuration/Fire             3
   d - Inner Flame                    Hexes/Fire                   3
   e - Sticky Flame                   Conjuration/Fire             4
   f - Fireball                       Conjuration/Fire             5
Comestibles
 f - 12 bread rations
 i - 5 meat rations
 j - 14 fruits
 K - 2 royal jellies


   Skills:
 + Level 6.4 Fighting
   Level 5.3(7.3) Axes
 + Level 7.6(8.4) Maces & Flails
 + Level 1.0 Throwing
 * Level 7.9 Armour
 + Level 3.9 Dodging
 - Level 1.1 Stealth
 + Level 6.0 Shields


You had 9 spell levels left.
You didn't know any spells.

Dungeon Overview and Level Annotations

Branches:
Dungeon (8/15)             Temple (1/1) D:6            Lair (3/6) D:8
  Swamp: Lair:2-4    Shoals: Lair:2-4     Snake: Lair:2-4    Spider: Lair:2-4

Altars:
Ashenzari
Cheibriados
Dithmenos
Fedhas
Gozag
Hepliaklqana
Kikubaaqudgha
Makhleb
Okawaru
Qazlal
Ru
Sif Muna
Trog
Uskayaw
Vehumet
Xom
Zin
The Shining One


Innate Abilities, Weirdness & Mutations

((You have a pair of small antennae on your head.))
((You are completely covered in icy blue scales. (AC +4, rC+)))
((Your flesh is cold resistant. (rC+)))
A demonic guardian rushes to your aid.


Message History

The polar bear claws something.
Cornered, the polar bear turns to fight!
The blink frog hits you!
* * * LOW HITPOINT WARNING * * *
The blink frog hits you.
* * * LOW HITPOINT WARNING * * *
Your ice devil closely misses the blink frog.
You miss the blink frog.
The blink frog is heavily wounded.
The blink frog blinks!
The blink frog hits you but does no damage. x3
The blink frog blinks!
Your ice devil barely misses the blink frog.
The blink frog blinks!
You sock the blink frog!
You kill the blink frog!
Cheibriados appreciates the change of pace.
Your Shields skill increases to level 6!
The blink frog hits you.
You die...

.##.......... .
.P....#....h ..
P.......P.P
...##..F.....##
. .P...F....#..
#..#P.........#
#.....l†F)§....
P......♣(......
h.....F.†......
.......4.......
....#!.........
h## ##.........
#.....##F.
##..#.. .
.h.....


You could see 4 polar bears, 5 blink frogs, an iguana and a friendly ice devil.

Vanquished Creatures
  A blink frog (Lair:3)
  A hippogriff (Lair:1)
  A spriggan (D:7)
  6 yaks
  A basilisk (Lair:1)
  A hungry ghost (D:8)
  4 water moccasins
  An ice beast (D:7)
  A porcupine (Lair:1)
  2 ogres
  2 centaurs
  3 crocodiles (Lair:1)
  A big kobold (D:3)
  2 bullfrogs
  4 scorpions
  A howler monkey (D:4)
  A crimson imp (D:6)
  3 jellies
  5 hounds
  A bullfrog skeleton (D:4)
  A gnoll shaman (D:4)
  Natasha (twice) (D:3)
  3 orc wizards
  12 worker ants
  A howler monkey zombie (D:5)
  A worker ant zombie (D:5)
  10 gnolls
  6 adders
  A shadow imp (D:6)
  2 oozes
  2 adder skeletons
  2 worms
  3 dart slugs
  4 leopard geckos
  17 orcs
  3 giant cockroaches (D:2)
  11 goblins
  7 hobgoblins
  10 jackals
  4 quokkas
  3 ball pythons
  6 bats
  6 frilled lizards
  15 kobolds
  8 rats
182 creatures vanquished.

Vanquished Creatures (collateral kills)
  The ghost of lorenzova the Eclecticist, a journeyman DECj of Vehumet (Lair:1)
  Sonja (Lair:3)
  A black mamba (Lair:1)
  A spiny frog (Lair:1)
  Prince Ribbit (D:5)
  A hippogriff (D:7)
  7 yaks
  2 ogres (D:4)
  5 wolves (Lair:2)
  A hound (D:5)
  A worker ant (D:5)
  An iguana (D:5)
  A gnoll (D:4)
24 creatures vanquished.

Vanquished Creatures (others)
  A plant (Lair:2)
1 creature vanquished.

Grand Total: 207 creatures vanquished

Notes
Turn   | Place    | Note
-------+----------+-------------------------------------------
     0 | D:1      | Linguinho the Demonspawn Fighter began the quest for the Orb.
     0 | D:1      | Reached XP level 1. HP: 18/18 MP: 1/1
    75 | D:1      | Gained mutation: You are partially covered in icy blue scales. (AC +2) [demonic ancestry]
    75 | D:1      | Reached XP level 2. HP: 14/24 MP: 2/2
   778 | D:1      | Reached XP level 3. HP: 29/29 MP: 3/3
   974 | D:2      | Found a stormy altar of Qazlal.
  1567 | D:3      | Gained mutation: You are mostly covered in icy blue scales. (AC +3) [demonic ancestry]
  1567 | D:3      | Reached XP level 4. HP: 35/35 MP: 4/4
  1721 | D:3      | Noticed a big kobold
  1737 | D:3      | Killed a big kobold
  1737 | D:3      | Gained mutation: A weak demonic guardian rushes to your aid. [demonic ancestry]
  1737 | D:3      | Reached XP level 5. HP: 17/41 MP: 5/5
  1897 | D:3      | Found a shadowy altar of Dithmenos.
  2094 | D:3      | Noticed Natasha
  2100 | D:3      | Killed Natasha
  2228 | D:4      | Noticed an ogre
  2231 | D:4      | Killed an ogre
  2231 | D:4      | Gained mutation: You have a pair of small antennae on your head. [demonic ancestry]
  2231 | D:4      | Reached XP level 6. HP: 45/48 MP: 6/6
  2290 | D:4      | Found an iron altar of Okawaru.
  2304 | D:4      | Reached skill level 1 in Dodging
  2764 | D:4      | Reached skill level 5 in Axes
  2862 | D:4      | Gained mutation: A demonic guardian rushes to your aid. [demonic ancestry]
  2862 | D:4      | Reached XP level 7. HP: 40/54 MP: 7/7
  3029 | D:4      | Reached skill level 1 in Throwing
  3514 | D:4      | Reached skill level 1 in Stealth
  3930 | D:4      | Reached skill level 1 in Maces & Flails
  4188 | D:3      | Noticed Natasha
  4195 | D:3      | Killed Natasha
  4714 | D:4      | Found a shimmering altar of Xom.
  4862 | D:5      | Entered Level 5 of the Dungeon
  5022 | D:5      | Found a glowing golden altar of the Shining One.
  5070 | D:5      | Noticed Prince Ribbit
  5078 | D:5      | Reached XP level 8. HP: 25/61 MP: 8/8
  5091 | D:5      | Killed Prince Ribbit
  5594 | D:5      | Reached skill level 5 in Fighting
  6287 | D:6      | Found a staircase to the Ecumenical Temple.
  6391 | Temple   | Entered the Ecumenical Temple
  6516 | Temple   | Became a worshipper of Cheibriados the Contemplative
  6951 | D:6      | Found a glowing silver altar of Zin.
  6951 | D:6      | Found an opulent altar of Gozag.
  6952 | D:6      | Found a shattered altar of Ashenzari.
  7506 | D:7      | Reached skill level 5 in Maces & Flails
  7600 | D:7      | Reached skill level 5 in Shields
  7600 | D:7      | Gained mutation: Your flesh is cold resistant. (rC+) [demonic ancestry]
  7600 | D:7      | Reached XP level 9. HP: 58/68 MP: 9/9
  7608 | D:7      | Found a hide-covered altar of Uskayaw.
  7608 | D:7      | Found a sacrificial altar of Ru.
  7672 | D:7      | Reached * piety under Cheibriados
  7783 | D:8      | Found a staircase to the Lair.
  8056 | D:8      | Reached skill level 5 in Armour
  8481 | Lair:1   | Entered Level 1 of the Lair of Beasts
  8517 | Lair:1   | Noticed a spiny frog
  8524 | Lair:1   | Killed a spiny frog
  8873 | Lair:1   | Noticed lorenzova's ghost (journeyman DECj)
  8885 | Lair:1   | Killed lorenzova's ghost
  9270 | Lair:1   | Noticed a black mamba
  9273 | Lair:1   | Killed a black mamba
  9273 | Lair:1   | Gained mutation: You are completely covered in icy blue scales. (AC +4, rC+) [demonic ancestry]
  9273 | Lair:1   | Reached XP level 10. HP: 58/76 MP: 10/10
  9834 | Lair:2   | Found a shattered altar of Ashenzari.
  9836 | Lair:2   | Identified a scroll of acquirement
  9852 | Lair:2   | Reached ** piety under Cheibriados
 10300 | Lair:2   | Noticed a swamp dragon
 10312 | Lair:3   | Noticed Sonja
 10319 | Lair:3   | Killed Sonja
 10325 | Lair:3   | HP: 4/115 [iguana (2)]
 10331 | Lair:3   | HP: 3/172 [blink frog (10)]
 10333 | Lair:3   | Slain by a blink frog

Skill      XL: |  1  2  3  4  5  6  7  8  9 10 |
---------------+-------------------------------+-----
Shields        | 3 4 5 6 |  6.0
Axes           | 2 3 4 5 |  5.3
Armour         | 3 4 6 7 |  7.9
Dodging        | 1 2 3 |  3.9
Fighting       | 4 5 6 |  6.4
Throwing       | 1 |  1.0
Stealth        | 1 |  1.1
Maces & Flails | 2 5 6 7 |  7.6

Action                   |  1- 3 |  4- 6 |  7- 9 | 10-12 || total
-------------------------+-------+-------+-------+-------++-------
Melee: War axe           |   118 |   135 |    21 |       ||   274
       Flail             |       |       |   381 |    67 ||   448
Throw: Tomahawk          |    14 |    13 |       |       ||    27
  Use: Scroll            |       |       |    12 |     3 ||    15
       Potion            |       |       |       |     7 ||     7
 Stab: Distracted        |       |     1 |       |     1 ||     2
       Sleeping          |       |       |     3 |       ||     3
       Invisible         |       |       |       |     3 ||     3
  Eat: Chunk             |     2 |     4 |    17 |     1 ||    24
       Royal jelly       |       |       |     1 |       ||     1
       Meat ration       |       |       |     2 |       ||     2
Armor: Scale mail        |    69 |    63 |    73 |    21 ||   226
       Robe              |       |       |    46 |       ||    46
       Ring mail         |       |       |     5 |       ||     5
       Skin              |       |       |       |    74 ||    74
Dodge: Dodged            |    28 |    41 |   166 |    34 ||   269
Block: Shield            |    57 |    61 |   221 |    92 ||   431
